 Dungeon Crawl Stone Soup version 0.29-a0-468-ge57f7f99b4 (webtiles) character file.

Game seed: 17335246215200761078

332 dabmancer the Magician (level 6, -3/36 HPs)
             Began as an Octopode Hedge Wizard on May 21, 2022.
             Slain by an orc priest
             ... wielding a +0 falchion
              (4 damage)
             ... on level 5 of the Dungeon.
             The game lasted 00:16:25 (5533 turns).

dabmancer the Magician (Octopode Hedge Wizard)      Turns: 5533, Time: 00:16:26

Health: -3/36      AC:  1    Str:  9    XL:     6   Next: 52%
Magic:  7/13       EV: 13    Int: 19    God:
Gold:   123        SH:  0    Dex: 11    Spells: 7/15 levels left

rFire   . . .      SeeInvis .   C - +4 lajatang (elec)
rCold   . . .      Faith    .   (shield currently unavailable)
rNeg    . . .      Spirit   .   b - +0 hat
rPois   .          Reflect  .   (no amulet)
rElec   .          Harm     .   (no ring)
rCorr   .          Rampage  .   (no ring)
Will    .....                   (no ring)
Stlth   ++++......              (no ring)
HPRegen 0.12/turn               (no ring)
MPRegen 0.13/turn               (no ring)
                                (no ring)
                                (no ring)

@: on blink cooldown
A: almost no armour, amphibious, 8 rings, camouflage 1, gelatinous body 1,
(nimble swimmer 1), tentacles
a: no special abilities


You were on level 5 of the Dungeon.
You visited 1 branch of the dungeon, and saw 5 of its levels.

You collected 163 gold pieces.
You spent 40 gold pieces at shops.

Inventory:

Hand Weapons
 a - a +0 dagger
 g - a +2 vampiric dagger
 j - a +0 hand crossbow
 u - a +1 rapier of speed
 C - a +4 lajatang of electrocution (weapon)
Missiles
 h - 160 stones
 t - a silver boomerang
 y - 5 poisoned darts
Armour
 b - a +0 hat (worn)
 k - a +0 helmet
 o - a +2 cloak
 q - a +2 ring mail of cold resistance
Scrolls
 d - 4 scrolls of teleportation {unknown}
 e - 3 scrolls of noise {unknown}
 i - 3 scrolls of identify {unknown}
 r - a scroll of blinking {unknown}
 s - a scroll of fog {unknown}
 w - a scroll of fear {unknown}
 x - a scroll of enchant weapon {unknown}
 A - a scroll of magic mapping {unknown}
 B - a scroll of immolation {unknown}
Potions
 c - a potion of magic
 f - 2 potions of ambrosia {unknown}
 l - a potion of curing
 m - 2 potions of degeneration
 n - a potion of haste {unknown}
 p - a potion of invisibility {unknown}
 v - a potion of berserk rage {unknown}
 z - a potion of might {unknown}
 D - a potion of lignification {unknown}


   Skills:
 - Level 2.0 Dodging
 + Level 4.6 Stealth
 + Level 5.3 Spellcasting
 + Level 3.0 Conjurations
 + Level 0.2 Hexes
 + Level 1.3 Summonings
 + Level 1.0 Translocations


You had 7 spell levels left.
You knew the following spells:

 Your Spells              Type           Power      Damage    Failure   Level
a - Magic Dart            Conj           64%        1d6       3%          1
b - Blink                 Tloc           18%        N/A       12%         2
c - Call Imp              Summ           10%        N/A       11%         2
d - Slow                  Hex            20%        N/A       11%         1
e - Sublimation of Blood  Necr           5%         N/A       19%         2

Your spell library contained the following spells:

 Spells                   Type           Power      Damage    Failure   Level
 Conjure Flame            Conj/Fire      10%        6-21      19%         3
 Mephitic Cloud           Conj/Pois/Air  8%         N/A       24%         3
 Petrify                  Tmut/Erth      5%         N/A       77%         4
 Irradiate                Conj/Tmut      5%         3d15      87%         5


Dungeon Overview and Level Annotations

Branches:
Dungeon (5/15)
 Temple: D:4-7

Altars:

Shops:
D:2 [!*


Innate Abilities, Weirdness & Mutations

You cannot wear most types of armour.
You are amphibious.
You can wear up to eight rings at the same time.
Your skin changes colour to match your surroundings (Stealth+).
Your rubbery body absorbs attacks. (AC +1, EV +1)
((You are camouflaged when in or above water. (Stealth+)))
You have tentacles for arms and can constrict up to eight enemies at once.


Message History

The orc priest is moderately wounded.
The orc priest shouts!
The orc priest casts a cantrip, but nothing happens.
The orc priest mumbles some strange prayers to Beogh against you.
Beogh smites you!
The magic dart hits the orc priest.
The orc priest is heavily wounded.
The magic dart hits the orc priest.
The orc priest is almost dead.
The orc priest mumbles some strange prayers to Beogh against you.
Beogh smites you!
You are too injured to fight recklessly!
You are too injured to fight recklessly!
You are too injured to fight recklessly!
Aiming: Magic Dart (safe; 3% risk of failure)
Press: ? - help, Q - select action, (/) - cycle Shift-Dir - straight line, f/p - orc priest
Aim: an orc priest, wielding a +0 mace (almost dead, 100% to hit)
The magic dart hits the orc priest but does no damage.
The orc priest is almost dead.
The orc priest mumbles some strange prayers to Beogh against you.
Pain shoots through your body!
* * * LOW HITPOINT WARNING * * *
You feel better.
You are too injured to fight recklessly!
Aiming: Magic Dart (safe; 3% risk of failure)
Press: ? - help, Q - select action, (/) - cycle Shift-Dir - straight line, f/p - orc priest
Aim: an orc priest, wielding a +0 mace (almost dead, 100% to hit)
Okay, then.
Casting: Magic Dart (safe; 3% risk of failure)
Confirm with . or Enter, or press ? or * to list all spells.
You blink.
The orc priest mumbles some strange prayers to Beogh against you.
Beogh smites you!
* * * LOW HITPOINT WARNING * * *
The orc priest misses you. The orc priest closely misses you.
You barely miss the orc priest. Your grab misses the orc priest.
The orc priest is almost dead.
The orc priest closely misses you.
The orc priest hits you with a +0 falchion.
You die...

># #.. .. #.. .# #.. ##
.# #.# # .# .# #.# # ##
## .#.# #.# .#
.###.###..# #o#..#.##
..###.#..#######@o.....#
..'.........ยง..o........
..####...#########.....#
.## #..## ..#.## ## #.##
...# # #.##### .#.#
#.#...# .... #.....# #.##
###...#


You could see 3 orc priests.

Vanquished Creatures
  A black bear (D:4)
  2 hounds
  A jelly (D:5)
  An orc priest (D:3)
  An orc wizard (D:3)
  5 adders
  An ufetubus (D:4)
  3 worms
  3 orcs
  6 bats
  2 endoplasms
  A giant cockroach (D:4)
  6 goblins
  4 hobgoblins
  A quokka (D:2)
  3 ball pythons
  2 frilled lizards
  3 kobolds
  3 rats
49 creatures vanquished.

Notes
Turn   | Place    | Note
-------+----------+-------------------------------------------
     0 | D:1      | dabmancer the Octopode Hedge Wizard began the quest for the
                  | Orb.
     0 | D:1      | Reached XP level 1. HP: 11/11 MP: 4/4
   463 | D:1      | Reached XP level 2. HP: 17/17 MP: 3/6
   548 | D:1      | Found a faded altar of an unknown god.
  1638 | D:2      | Reached XP level 3. HP: 18/21 MP: 5/8
  2062 | D:2      | Found Cezinius's Assorted Antiques.
  2112 | D:2      | Found Qoret's Distillery.
  2121 | D:2      | Bought a potion of curing for 30 gold pieces
  2121 | D:2      | Bought a potion of degeneration for 10 gold pieces
  2247 | D:2      | Found Munlehiq's Armour Shop.
  2955 | D:3      | Reached skill level 4 in Spellcasting
  2955 | D:3      | Reached XP level 4. HP: 26/27 MP: 7/10
  3172 | D:3      | Reached XP level 5. HP: 20/31 MP: 0/11
  4263 | D:4      | Learned a level 2 spell: Blink
  4266 | D:4      | Learned a level 2 spell: Call Imp
  4270 | D:4      | Learned a level 1 spell: Slow
  4655 | D:4      | Noticed a black bear
  4671 | D:4      | Killed a black bear
  4672 | D:4      | Reached skill level 5 in Spellcasting
  4672 | D:4      | Reached XP level 6. HP: 19/36 MP: 3/13
  5372 | D:5      | Entered Level 5 of the Dungeon
  5448 | D:5      | Learned a level 2 spell: Sublimation of Blood
  5532 | D:5      | HP: 1/36 [orc priest/divine providence (11)]
  5533 | D:5      | Slain by an orc priest

Illustrated notes

Levels and vault maps discovered:
D:1:      co_arrival_square_in_a_square_in_a_square, layout_loops_corners,
          hellmonk_ecumenical_altar_crossroads
D:2:      layout_basic, serial_shops, nicolae_square_shop,
          nicolae_lakefront_shop, nicolae_diamond_shop
D:3:      layout_basic, minmay_misc_feat_hallway
D:4:      layout_cave_pods, grunt_decor_arrowhead,
          minmay_misc_feat_secret_circle
D:5:      layout_loops_corners, lexackson_kobold_supper

Skill      XL: |  1  2  3  4  5 |
---------------+----------------+-----
Stealth        | 3 4 |  4.6
Spellcasting   | 4 5 |  5.3
Conjurations   | 2 3 |  3.0
Dodging        | |  2.0
Hexes          | |  0.2
Summonings     | |  1.3
Translocations | |  1.0

Action                   |  1- 3 |  4- 6 || total
-------------------------+-------+-------++-------
Melee: Dagger            |    18 |    22 ||    40
       Constrict         |     7 |     3 ||    10
       Tentacles         |     8 |     3 ||    11
       Punch             |     1 |       ||     1
       Lajatang          |       |     1 ||     1
 Fire: Hand crossbow     |     7 |       ||     7
 Cast: Magic Dart        |    65 |    81 ||   146
       Blink             |       |     2 ||     2
       Slow              |       |     1 ||     1
       Call Imp          |       |     1 ||     1
  Use: Potion            |       |     1 ||     1
Armor: Skin              |       |     2 ||     2
Dodge: Dodged            |    13 |    30 ||    43

Table legend: (Time is in decaauts)
 A = Elapsed time spent in this place.
 B = Non-inter-level travel time spent in this place.
 C = Inter-level travel time spent in this place.
 D = Time resting spent in this place.
 E = Time spent auto-exploring this place.
 F = Levels seen in this place.
 G = Mean time per level.
                   A        B        C        D        E       F      G
               +--------+--------+--------+--------+--------+-----+--------+
         Total |   5534 |   5382 |    152 |   1192 |   3645 |   5 | 1106.8 |
       Dungeon |   5534 |   5382 |    152 |   1192 |   3645 |   5 | 1106.8 |
               +--------+--------+--------+--------+--------+-----+--------+

Top non-repeatable levels by time:
     D:3: 1518 daAuts
     D:1: 1346 daAuts
     D:2: 1298 daAuts
     D:4: 1211 daAuts
     D:5: 160 daAuts
